 Dungeon Crawl Stone Soup version 0.28-a0-1033-g1a2f33fa85 (webtiles) character file.

Game seed: 966205428823966399

936 gimp the Digger (level 7, 0/50 HPs)
             Began as a Demigod Earth Elementalist on Dec 7, 2021.
             Slain by a redback (4 damage)
             ... on level 5 of the Dungeon.
             The game lasted 00:05:50 (3621 turns).

gimp the Digger (Demigod Earth Elementalist)        Turns: 3621, Time: 00:05:51

Health: 0/50       AC:  4    Str:  9    XL:     7   Next: 56%
Magic:  15/16      EV: 12    Int: 31    God:
Gold:   229        SH:  0    Dex: 14    Spells: 5/13 levels left

rFire   . . .      SeeInvis .   a - +1 dagger
rCold   . . .      Faith    .   (no shield)
rNeg    + + .      Spirit   .   k - +2 robe {rN+}
rPois   .          Reflect  .   (no helmet)
rElec   .          Harm     .   (no cloak)
rCorr   .          Rampage  .   (no gloves)
Will    .....                   (no boots)
Stlth   ++........              (no amulet)
HPRegen 0.16/turn               i - +6 ring of intelligence
MPRegen 0.15/turn               d - ring of positive energy

@: lethally poisoned (0 -> -86)
A: high mp 1, forlorn, divine attributes
a: no special abilities


You were on level 5 of the Dungeon.
You visited 1 branch of the dungeon, and saw 6 of its levels.

You collected 229 gold pieces.

Inventory:

Hand Weapons
 a - a +1 dagger (weapon)
Missiles
 c - 25 stones
Armour
 b - a +0 robe
 g - a +0 leather armour
 k - a +2 robe of positive energy (worn)
Jewellery
 d - a ring of positive energy (right hand)
 i - a +6 ring of intelligence (left hand)
Wands
 j - a wand of digging (1)
 u - a wand of acid (2)
Scrolls
 n - a scroll of noise {unknown}
 o - a scroll of vulnerability {unknown}
 p - 2 scrolls of fog {unknown}
 q - a scroll of magic mapping {unknown}
 r - a scroll of enchant armour {unknown}
 w - a scroll of amnesia {unknown}
Potions
 e - a potion of haste {unknown}
 f - a potion of heal wounds
 h - 2 potions of cancellation {unknown}
 l - a potion of curing {unknown}
 m - 2 potions of flight {unknown}
 s - a potion of invisibility {unknown}
 t - a potion of berserk rage {unknown}
 v - a potion of resistance {unknown}
 x - 2 potions of magic {unknown}


   Skills:
 - Level 1.7 Dodging
 - Level 1.7 Stealth
 + Level 3.8 Spellcasting
 * Level 4.5 Conjurations
 - Level 0.8 Transmutations
 * Level 6.1 Earth Magic


You had 5 spell levels left.
You knew the following spells:

 Your Spells              Type           Power      Damage    Failure   Level
a - Stone Arrow           Conj/Erth      78%        3d11      1%          3
b - Sandblast             Erth           88%        2d18      1%          1
c - Petrify               Tmut/Erth      27%        N/A       14%         4

Your spell library contained the following spells:

 Spells                   Type           Power      Damage    Failure   Level
 Passwall                 Tmut/Erth      22%        N/A       2%          2


Dungeon Overview and Level Annotations

Branches:
Dungeon (6/15)             Temple (0/1) D:5

Annotations:
D:2 Terence
D:3 1 runed translucent door, quoriil's ghost, amateur OpEE
D:5 5 runed translucent doors


Innate Abilities, Weirdness & Mutations

You have an increased reservoir of magic. (+10% MP)
You shall have no god before yourself.
Your divine heritage dramatically boosts your attributes as you level up.


Message History

The bolt of acid hits the redback!
The acid corrodes the redback!
The redback is heavily wounded.
The bolt of acid hits the redback!!
The acid corrodes the redback!
The redback is severely wounded.
You feel very sick. The redback closely misses you.
The water moccasin bites you.
You take 8 damage, and have 17/50 hp.
Aiming: Corrosive Bolt
Press: ? - help, Shift-Dir - straight line, f/p - redback
Aim: a redback (severely wounded, covered in acid, 64% to hit)
The bolt of acid misses the water moccasin.
The bolt of acid hits the redback!
You kill the redback!
The bolt of acid misses the adder.
* * * LOW HITPOINT WARNING * * *
You feel very sick. The redback bites you.
* * * LOW HITPOINT WARNING * * *
You are more poisoned.
The redback poisons you! The water moccasin bites you!
* * * LOW HITPOINT WARNING * * *
You are more poisoned.
The water moccasin poisons you! The redback closely misses you.
Your Earth Magic skill increases to level 6!
You take 16 damage, and have 1/50 hp.
MASSIVE DAMAGE!!
It was a potion of heal wounds.
You feel much better.
* * * LOW HITPOINT WARNING * * *
You feel extremely sick. The water moccasin barely misses you.
The redback bites you.
* * * LOW HITPOINT WARNING * * *
You are more poisoned.
The redback poisons you! The water moccasin closely misses you.
You feel much better.
* * * LOW HITPOINT WARNING * * *
You feel extremely sick. The redback closely misses you.
The water moccasin bites you.
* * * LOW HITPOINT WARNING * * *
You are more poisoned.
The water moccasin poisons you! The redback bites you.
You die... ..s ## ss..

+ # ..s s
y##
...s##.y#
#+###.. ##
.+($#.
#..###+###
#).#@SS..##
#..##sS...#
#. #SS...+#
# ##....##
###### .$.
... ....
... ####
###


You could see a water moccasin, a redback (corroded) and 4 adders.

Vanquished Creatures
  A redback (D:5)
  Sigmund (D:2)
  A sky beast (D:5)
  2 ogres (D:5)
  A scorpion (D:4)
  A water moccasin skeleton (D:5)
  2 hounds
  Jessica (D:2)
  Natasha (thrice) (D:2)
  An iguana (D:4)
  3 adders
  2 worms
  6 orcs (D:3)
  A ball python (D:1)
  4 bats
  4 endoplasms
  3 giant cockroaches
  3 goblins
  A hobgoblin (D:2)
  5 quokkas
  3 frilled lizards (D:2)
  7 kobolds (D:1)
  2 rats
58 creatures vanquished.

Vanquished Creatures (others)
  2 withered plants (D:3)
2 creatures vanquished.

Grand Total: 60 creatures vanquished

Notes
Turn   | Place    | Note
-------+----------+-------------------------------------------
     0 | D:1      | gimp the Demigod Earth Elementalist began the quest for the
                  | Orb.
     0 | D:1      | Reached XP level 1. HP: 14/14 MP: 5/5
   358 | D:1      | Reached skill level 3 in Earth Magic
   557 | D:1      | Reached XP level 2. HP: 20/20 MP: 5/7
   984 | D:2      | Noticed Jessica
   989 | D:2      | Killed Jessica
   990 | D:2      | Reached XP level 3. HP: 26/26 MP: 5/9
  1049 | D:2      | Learned a level 3 spell: Stone Arrow
  1074 | D:2      | Noticed Sigmund
  1088 | D:2      | Killed Sigmund
  1089 | D:2      | Reached skill level 4 in Earth Magic
  1089 | D:2      | Reached XP level 4. HP: 24/33 MP: 4/11
  1089 | D:2      | Reached XP level 5. HP: 28/38 MP: 4/12
  1286 | D:2      | Noticed Natasha
  1289 | D:2      | Killed Natasha
  1328 | D:2      | Noticed Natasha
  1332 | D:2      | Killed Natasha
  1381 | D:2      | Noticed Natasha
  1398 | D:2      | Killed Natasha
  1645 | D:2      | Noticed Terence
  2509 | D:3      | Found a runed translucent door.
  2509 | D:3      | Noticed quoriil's ghost (amateur OpEE)
  3055 | D:4      | Reached XP level 6. HP: 45/45 MP: 6/13
  3092 | D:4      | Reached skill level 5 in Earth Magic
  3153 | D:4      | Learned a level 4 spell: Petrify
  3253 | D:4      | You fall into a shaft and drop 2 floors!
  3265 | D:5      | Entered Level 5 of the Dungeon
  3366 | D:5      | Found a staircase to the Ecumenical Temple.
  3378 | D:5      | Reached XP level 7. HP: 50/50 MP: 1/15
  3615 | D:5      | Found a runed translucent door.
  3615 | D:5      | Found a runed translucent gate.
  3615 | D:5      | Found a runed translucent gate.
  3615 | D:5      | Found a runed translucent gate.
  3615 | D:5      | Noticed a redback
  3615 | D:5      | Noticed a redback
  3615 | D:5      | Noticed a redback
  3616 | D:5      | Found a runed translucent door.
  3616 | D:5      | Noticed a redback
  3619 | D:5      | Killed a redback
  3619 | D:5      | HP: 1/50 [water moccasin (8)]
  3620 | D:5      | Reached skill level 6 in Earth Magic
  3621 | D:5      | Slain by a redback

Illustrated notes

Levels and vault maps discovered:
D:1:      dpeg_arrival_signposts, layout_loops_ring,
          shapermc_ecumenical_altar_notcrosses, nrook_campfire
D:2:      layout_loops_ring, uniq_terence, uniq_natasha, uniq_jessica,
          uniq_sigmund
D:3:      layout_loops_cross, elyvilon_altar_4, gammafunk_ghost_grave,
          serial_bayou_lagoon_a, grunt_decor_one_mirror
D:4:      layout_layer_cave, uniq_crazy_yiuf_cottage
D:5:      layout_basic, minmay_temple_entry_butterflies,
          minmay_guarded_unrand_staff_of_olgreb
D:6:      layout_gridville, uniq_eustachio

Skill      XL: |  1  2  3  4  5  6  7 |
---------------+----------------------+-----
Earth Magic    | 3 4 5 6 |  6.1
Spellcasting   | 2 3 |  3.8
Conjurations   | 2 3 4 |  4.5
Dodging        | |  1.7
Stealth        | |  1.7
Transmutations | |  0.8

Action                   |  1- 3 |  4- 6 |  7- 9 || total
-------------------------+-------+-------+-------++-------
Melee: Dagger            |       |    34 |     1 ||    35
 Cast: Sandblast         |    29 |    24 |     3 ||    56
       Stone Arrow       |       |    32 |     2 ||    34
Evoke: Wand              |       |       |     2 ||     2
  Use: Scroll            |       |     1 |     2 ||     3
       Potion            |       |       |     2 ||     2
 Stab: Sleeping          |       |     1 |       ||     1
Armor: Robe              |       |    14 |     1 ||    15
Dodge: Dodged            |     3 |    24 |    13 ||    40

Table legend: (Time is in decaauts)
 A = Elapsed time spent in this place.
 B = Non-inter-level travel time spent in this place.
 C = Inter-level travel time spent in this place.
 D = Time resting spent in this place.
 E = Time spent auto-exploring this place.
 F = Levels seen in this place.
 G = Mean time per level.
                   A        B        C        D        E       F      G
               +--------+--------+--------+--------+--------+-----+--------+
         Total |   3629 |   3485 |    144 |    216 |   2746 |   6 |  604.8 |
       Dungeon |   3629 |   3485 |    144 |    216 |   2746 |   6 |  604.8 |
               +--------+--------+--------+--------+--------+-----+--------+

Top non-repeatable levels by time:
     D:3: 1167 daAuts
     D:1: 1129 daAuts
     D:2: 745 daAuts
     D:5: 355 daAuts
     D:4: 219 daAuts
     D:6: 11 daAuts
